 Dungeon Crawl Stone Soup version 0.25.1-8-g42b30a86e7 (webtiles) character file.

Game seed: 6015214851216681311

31746 Destapler the Protected (level 13, -3/107 HPs)
             Began as a Minotaur Fighter on Dec 20, 2020.
             Was an Elder of Hepliaklqana.
             Slain by an orc warrior
             ... wielding a +0 glaive
              (21 damage)
             ... on level 2 of the Orcish Mines.
             The game lasted 01:10:30 (16641 turns).

Destapler the Protected (Minotaur Fighter)         Turns: 16641, Time: 01:10:30

Health: -3/107     AC: 17    Str: 27    XL:     13   Next: 27%
Magic:  16/16      EV: 12    Int:  1    God:    Hepliaklqana [****..]
Gold:   1310       SH: 30    Dex: 15    Spells: 12/12 levels left

rFire    . . .     SeeInvis .   a - +3 war axe of Yeast {venom, rElec rC+ rN+}
rCold    + . .     Gourm    .   N - +10 tower shield of Ignorance {rN+ Int-4}
rNeg     + + .     Faith    .   z - +3 acid dragon scales
rPois    +         Spirit   .   (helmet restricted)
rElec    +         Reflect  .   T - +2 cloak {MR+}
rCorr    +         Harm     .   t - +0 pair of gloves
MR       +....                  (no boots)
Stlth    +.........             (no amulet)
HPRegen  0.27/turn              r - ring of poison resistance
MPRegen  0.15/turn              o - +6 ring of dexterity

@: no status effects
A: retaliatory headbutt, reduced essence, horns 2
a: Recall Ancestor, Ancestor Identity, Transference, Idealise, Renounce Religion


You were on level 2 of the Orcish Mines.
You worshipped Hepliaklqana.
Hepliaklqana was greatly pleased with you.
You were not hungry.

You visited 2 branches of the dungeon, and saw 15 of its levels.
You visited the Abyss 1 time.
You also visited: Ossuary.

You collected 1310 gold pieces.

Inventory:

Hand Weapons
 a - the +3 war axe of Yeast (weapon) {venom, rElec rC+ rN+}
   (You found it on level 2 of the Abyss)

   It poisons the flesh of those it strikes.
   It protects you from cold.
   It insulates you from electricity.
   It protects you from negative energy.
 b - a +2 whip of electrocution
 h - the +9 long sword of Yesterday {drain, Str+4 Stlth+, unknown}
   (You found it on level 9 of the Dungeon)

   A truly terrible weapon, it drains the life of those it strikes.
   It affects your strength (+4).
   It makes you more stealthy.
 R - the +11 battleaxe of Lies {vorpal, rPois rF+ Str+6 Stlth+}
   (You found it on level 9 of the Dungeon)

   It inflicts extra damage upon your enemies.
   It affects your strength (+6).
   It protects you from fire.
   It protects you from poison.
   It makes you more stealthy.
Missiles
 n - 8 atropa-tipped darts
 B - 24 boomerangs
 D - 17 poisoned darts (quivered)
 I - 6 curare-tipped darts
Armour
 t - a +0 pair of gloves (worn)
 z - +3 acid dragon scales (worn)
 N - the +10 tower shield of Ignorance (worn) {rN+ Int-4}
   (You found it on level 7 of the Dungeon)

   It affects your intelligence (-4).
   It protects you from negative energy.
 T - a +2 cloak of magic resistance (worn)
Jewellery
 k - an uncursed ring of flight
 o - a +6 ring of dexterity (right hand)
 r - a ring of poison resistance (left hand)
Wands
 c - a wand of iceblast (5)
 w - a wand of acid (4)
 F - a wand of polymorph (6)
 M - a wand of disintegration (10)
 S - a wand of flame (25)
 U - a wand of paralysis (13)
Scrolls
 e - 10 scrolls of remove curse
 g - 8 scrolls of identify
 l - 8 scrolls of teleportation
 p - a scroll of vulnerability {unknown}
 s - 2 scrolls of fear
 y - 3 scrolls of fog
 A - a scroll of magic mapping
 E - a scroll of amnesia
 K - 2 scrolls of blinking
 Y - a scroll of enchant weapon
Potions
 d - 3 potions of might
 j - 3 potions of lignification
 m - 2 potions of magic
 q - 3 potions of heal wounds
 u - 2 potions of resistance {unknown}
 v - 2 potions of berserk rage
 x - 3 potions of stabbing
 C - 5 potions of curing
 J - 2 potions of brilliance
 L - a potion of invisibility
 Q - 2 potions of degeneration {unknown}
Comestibles
 f - 33 rations
 i - 2 chunks of flesh


   Skills:
 + Level 12.7 Fighting
 + Level 7.0(9.8) Axes
 - Level 10.6(11.4) Maces & Flails
 - Level 4.0 Throwing
 + Level 12.8 Armour
 - Level 5.0 Dodging
 + Level 12.8 Shields
 + Level 5.6 Invocations
 - Level 3.0 Evocations


You had 12 spell levels left.
You didn't know any spells.
Your spell library contained the following spells:

 Spells                   Type           Power        Failure   Level  Hunger
 Foxfire                  Conj/Fire      #...         98%         1    ##.....
 Freeze                   Ice            #...         98%         1    ##.....
 Conjure Flame            Conj/Fire      #.......     100%        3    ####...
 Frozen Ramparts          Ice            #.....       100%        3    ####...
 Inner Flame              Hex/Fire       #.......     100%        3    ####...
 Ozocubu's Armour         Chrm/Ice       #.......     100%        3    ####...
 Hailstorm                Conj/Ice       #.......     100%        4    #####..
 Sticky Flame             Conj/Fire      #.......     100%        4    #####..
 Summon Ice Beast         Ice/Summ       #.......     100%        4    #####..
 Fireball                 Conj/Fire      #.........   100%        5    ######.


Dungeon Overview and Level Annotations

Branches:
Dungeon (13/15)            Temple (0/1) D:6            Lair (0/6) D:9
    Orc (2/2) D:12         Vaults (0/5) D:13        Ossuary (visited)
    Elf: Orc:2

Altars:
Elyvilon
Gozag
Hepliaklqana
Makhleb
Nemelex Xobeh
Uskayaw
Yredelemnul
Zin

Shops:
D:13 (?


Innate Abilities, Weirdness & Mutations

You reflexively headbutt those who attack you in melee.
You have a pair of horns on your head.
Your life essence is reduced to manifest your ancestor. (-10% HP)


Message History

t - Shout!
Orders for allies: a - Attack new target. p - Attack previous target. r - Retreat! s - Stop attacking. g - Guard the area. f - Follow me.
Anything else - Cancel.
Retreat in which direction?
Press: ? - help, Dir - move target cursor, f - you, p - orc warrior Fall back!
The centaur shoots an arrow.
You block the arrow.
The orc warrior shoots a bolt.
The bolt barely misses Karrok.
You block the bolt.
The orc shoots a bolt.
You block the bolt.
The orc warrior hits you from afar with a +0 glaive!!
* * * LOW HITPOINT WARNING * * *
The orc warrior shoots a bolt.
The bolt hits you!
* * * LOW HITPOINT WARNING * * *
The orc knight shoots a bolt.
You block the bolt.
The orc warrior shoots a bolt.
You block the bolt.
The centaur shoots an arrow.
The arrow hits you!
* * * LOW HITPOINT WARNING * * *
The orc warrior hits you from afar with a +0 glaive!!
You die...

.≈≈ #≈≈.. ..c....
...###...##..##.(#
..........)(.)....
.....c....((......
.....o...(........
#...$o.).o...#..#.
....#o#....o.o....
......)[)($.......
.......)R@[$......
.......[())((.....
.............#.#..
......(......##.#
..#..##..........
..... .......#..
.#..#........... #
##.#..#.#.#.


You could see the friendly Karrok the hexer, an orc knight, 4 orc warriors, a
centaur and an orc (strong, poisoned).

Vanquished Creatures
  An ironheart preserver (D:13)
  Snorg (D:13)
  3 hydras
  A centaur warrior (D:13)
  3 two-headed ogres
  A thrashing horror (Abyss:1)
  Sonja (D:11)
  The ghost of Destapler the Cudgeler, a novice HuIE of Sif Muna (D:9)
  An orc knight (Orc:1)
  An orc sorcerer (D:12)
  A manticore (D:12)
  A cyclops (D:11)
  Maurice (D:9)
  An apocalypse crab (D:11)
  2 centaur skeletons (D:12)
  Maggie (D:8)
  An efreet (D:13)
  3 yaktaurs (D:13)
  3 trolls
  A hornet (D:11)
  2 hippogriffs
  Prince Ribbit (D:5)
  4 slime creatures (D:12)
  A large abomination (Abyss:1)
  A meliai zombie (D:10)
  A vampire (D:9)
  Sigmund (D:2)
  6 yaks
  2 wyverns
  A centaur simulacrum (D:13)
  A human (D:9)
  3 wraiths (D:12)
  A hog (D:9)
  7 vampire mosquitoes
  3 hungry ghosts
  A warg (D:12)
  An acid dragon (D:11)
  18 orc warriors
  4 ice beasts
  4 sky beasts
  A black bear (D:7)
  18 centaurs
  An eye of draining (D:12)
  A phantom (D:9)
  8 ogres
  A crocodile (D:8)
  Blork the orc (D:5)
  3 big kobolds
  10 bullfrogs
  2 scorpions
  3 water moccasin zombies (Ossuary)
  A hexer (Orc:1)
  A water moccasin skeleton (D:8)
  8 killer bees
  6 wights
  A spectral bullfrog (D:9)
  4 howler monkeys
  5 crimson imps
  3 quasits
  4 hounds
  9 orc priests
  5 iguanas
  A bullfrog skeleton (D:13)
  12 orc wizards
  6 worker ants
  A killer bee zombie (D:8)
  2 big kobold zombies (Ossuary)
  A hound skeleton (D:5)
  2 mummies (Ossuary)
  2 howler monkey skeletons
  A worker ant zombie (D:5)
  13 adders
  10 gnolls
  A shadow imp (D:9)
  2 oozes
  2 adder skeletons
  6 adder zombies (Ossuary)
  A worm (D:4)
  2 dart slugs
  5 leopard geckos
  65 orcs
  2 giant cockroaches (D:2)
  2 gnoll zombies (Ossuary)
  11 hobgoblins
  8 jackals
  2 quokkas
  A ball python (D:2)
  7 bats
  3 frilled lizards
  8 goblins
  4 hobgoblin zombies (Ossuary)
  26 kobolds
  A kobold zombie (Ossuary)
  A leopard gecko zombie (D:5)
  6 orc zombies (Ossuary)
  7 rats
412 creatures vanquished.

Vanquished Creatures (collateral kills)
  Erolcha (D:13)
  An unseen horror (D:13)
  An orc knight (Orc:1)
  2 ugly things
  A cyclops (D:13)
  A slime creature (D:12)
  A hog (D:9)
  A hungry ghost (D:7)
  2 vampire mosquitoes
  An ice beast (D:11)
  A sky beast (D:10)
  An orc warrior (Orc:2)
  An ogre (D:7)
  3 centaurs
  A big kobold (D:11)
  3 bullfrogs
  A water moccasin zombie (Ossuary)
  A wight (D:9)
  An orc priest (Orc:2)
  A centaur skeleton (D:7)
  An orc wizard (D:12)
  A hound skeleton (D:8)
  An adder (D:11)
  2 adder zombies (Ossuary)
  10 orcs
  3 kobolds
  A kobold zombie (Ossuary)
  An orc zombie (Ossuary)
46 creatures vanquished.

Vanquished Creatures (others)
  A centaur zombie (D:13)
  6 hexers
  An ancestor (D:6)
8 creatures vanquished.

Grand Total: 466 creatures vanquished

Notes
Turn   | Place    | Note
-------+----------+-------------------------------------------
     0 | D:1      | Destapler the Minotaur Fighter began the quest for the Orb.
     0 | D:1      | Reached XP level 1. HP: 19/19 MP: 0/0
   420 | D:1      | Reached XP level 2. HP: 27/27 MP: 1/1
  1084 | D:2      | Noticed Sigmund
  1091 | D:2      | Killed Sigmund
  1091 | D:2      | Reached XP level 3. HP: 24/35 MP: 2/2
  1091 | D:2      | Reached XP level 4. HP: 28/41 MP: 3/3
  1091 | D:2      | Reached XP level 5. HP: 32/47 MP: 4/4
  1561 | D:2      | Reached skill level 5 in Fighting
  1588 | D:2      | Reached skill level 5 in Armour
  1588 | D:2      | Reached skill level 5 in Shields
  1868 | D:2      | Found a hide-covered altar of Uskayaw.
  1868 | D:2      | Found a white marble altar of Elyvilon.
  1873 | D:2      | Found a sparkling altar of Nemelex Xobeh.
  1878 | D:2      | Found a burning altar of Makhleb.
  1883 | D:2      | Found a glowing silver altar of Zin.
  2265 | D:3      | Reached XP level 6. HP: 56/56 MP: 5/5
  3419 | D:4      | Found an opulent altar of Gozag.
  3437 | D:4      | Reached skill level 5 in Maces & Flails
  3437 | D:4      | Reached XP level 7. HP: 60/62 MP: 6/6
  3752 | D:4      | Reached skill level 1 in Evocations
  4127 | D:4      | Found a basalt altar of Yredelemnul.
  4209 | D:5      | Entered Level 5 of the Dungeon
  4222 | D:5      | Noticed Blork the orc
  4255 | D:5      | Noticed Prince Ribbit
  4632 | D:5      | Killed Blork the orc
  4794 | D:5      | Reached XP level 8. HP: 63/71 MP: 8/8
  5744 | D:5      | Killed Prince Ribbit
  6078 | D:6      | Found a hazy altar of Hepliaklqana.
  6101 | D:6      | Became a worshipper of Hepliaklqana the Forgotten
  6122 | D:6      | Found a staircase to the Ecumenical Temple.
  6731 | D:6      | Reached XP level 9. HP: 71/71 MP: 10/10
  7119 | D:7      | Reached * piety under Hepliaklqana
  7240 | D:7      | Found the +10 tower shield of Ignorance {rN+ Int-4}
  7747 | D:8      | Found a sand-covered staircase.
  7766 | Ossuary  | Entered an ossuary
  7941 | Ossuary  | Reached ** piety under Hepliaklqana
  7942 | Ossuary  | Remembered your ancestor Karrok as a hexer
  8202 | D:8      | Noticed Maggie
  8211 | D:8      | Killed Maggie
  8334 | D:8      | Reached XP level 10. HP: 71/81 MP: 11/11
  8751 | D:9      | Found a sparkling altar of Nemelex Xobeh.
  8779 | D:9      | Found a transporter.
  8780 | D:9      | Noticed Destapler's ghost (novice HuIE)
  8786 | D:9      | Found a staircase to the Lair.
  9090 | D:9      | Got a crystal battleaxe
  9154 | D:9      | Reached skill level 10 in Shields
  9214 | D:9      | Noticed a two-headed ogre
  9221 | D:9      | Killed a two-headed ogre
  9221 | D:9      | Reached skill level 10 in Fighting
  9221 | D:9      | Reached skill level 10 in Armour
  9333 | D:9      | Noticed Maurice
  9334 | D:9      | Identified the +11 battleaxe of Lies {vorpal, rPois rF+
                  | Str+6 Stlth+} (You found it on level 9 of the Dungeon)
  9346 | D:9      | Killed Maurice
  9403 | D:9      | Reached skill level 10 in Maces & Flails
  9449 | D:9      | Found a transporter.
  9583 | D:10     | Entered Level 10 of the Dungeon
  9609 | D:10     | Reached *** piety under Hepliaklqana
 10190 | D:10     | Reached XP level 11. HP: 90/90 MP: 12/12
 10625 | D:11     | Noticed Sonja
 10627 | D:11     | Cast into level 1 of the Abyss (Sonja)
 10668 | Abyss:1  | Noticed a thrashing horror
 10704 | Abyss:1  | Killed a thrashing horror
 10838 | Abyss:2  | Got a dazzling war axe
 10859 | Abyss:2  | Identified the +3 war axe of Yeast {venom, rElec rC+ rN+}
                  | (You found it on level 2 of the Abyss)
 10903 | D:11     | Escaped the Abyss
 10920 | D:11     | Killed Sonja
 10920 | D:11     | Reached skill level 1 in Dodging
 10920 | D:11     | Reached skill level 1 in Invocations
 10923 | D:11     | Reached skill level 1 in Throwing
 11256 | D:11     | Reached **** piety under Hepliaklqana
 11377 | D:11     | Noticed a four-headed hydra
 11394 | D:11     | Killed a five-headed hydra
 11394 | D:11     | Reached skill level 1 in Axes
 11718 | D:11     | Noticed a two-headed ogre
 11726 | D:11     | Killed a two-headed ogre
 11869 | D:11     | Noticed a white ugly thing
 11876 | D:11     | Killed a white ugly thing
 12661 | D:11     | Paralysed by a hornet for 1 turns
 12802 | D:12     | Noticed a white ugly thing
 12807 | D:12     | Killed a white ugly thing
 12873 | D:12     | Noticed a seven-headed hydra
 12968 | D:9      | Reached XP level 12. HP: 99/99 MP: 13/13
 12978 | D:9      | Killed Destapler's ghost
 13001 | D:9      | Got a smoking long sword
 13121 | D:12     | Killed a seven-headed hydra
 13707 | D:12     | Found a staircase to the Orcish Mines.
 13787 | D:12     | Noticed a seven-headed hydra
 13798 | D:12     | Killed a seven-headed hydra
 14505 | D:13     | Noticed a two-headed ogre
 14570 | D:13     | Found Nodwoqen's Magic Scroll Boutique.
 14667 | D:13     | Reached skill level 5 in Axes
 14709 | D:13     | Reached skill level 5 in Dodging
 14832 | D:13     | Noticed a centaur warrior
 14844 | D:13     | Killed a centaur warrior
 14887 | D:13     | Reached skill level 5 in Invocations
 14912 | D:13     | Found a gate to the Vaults.
 14912 | D:13     | Noticed an ironheart preserver
 14931 | D:13     | Killed an ironheart preserver
 15034 | D:13     | Found Keck's Antique Weapon Boutique.
 15192 | D:13     | Killed a two-headed ogre
 15220 | D:13     | Reached ***** piety under Hepliaklqana
 15256 | D:13     | Reached XP level 13. HP: 96/107 MP: 15/15
 15359 | D:13     | Noticed Erolcha
 15366 | D:13     | Killed Erolcha
 15415 | D:13     | Noticed Snorg
 15427 | D:13     | Killed Snorg
 15696 | Orc:1    | Entered Level 1 of the Orcish Mines
 16114 | Orc:2    | Entered Level 2 of the Orcish Mines
 16641 | Orc:2    | Slain by an orc warrior

Illustrated notes

Levels and vault maps discovered:
D:1:      dpeg_arrival_round_b, layout_loops_corners
D:2:      layout_loops_ring, chequers_temple_overflow_minitemple, hex_tiny,
          minmay_heptomino_h4, uniq_sigmund
D:3:      layout_basic, first_ration, kennysheep_flooded_box,
          corexii_leaking_fountain
D:4:      layout_gridville, lemuel_round_altar, nicolae_gozag_seed_capital,
          minmay_misc_feat_alley
D:5:      cheibrodos_thug_alley, layout_basic, uniq_blork_the_orc,
          uniq_prince_ribbit1
D:6:      layout_basic, overflow_temple_1_default,
          minmay_temple_entry_junction_2
D:7:      layout_basic
D:8:      layout_basic, nicolae_ossuary_entry_false_entrances, uniq_maggie
D:9:      layout_long_grid, lair_entry_dummy, basic_altar,
          gammafunk_ghost_mausoleum, special_room [special_room_orc],
          grunt_livestock, uniq_maurice
D:10:     nicolae_whirlpool, layout_gridville, grunt_decor_cap,
          nicolae_lava_and_water, minmay_misc_feat_cross
D:11:     minmay_skewed_foursquare, layout_layer_cave, uniq_sonja
D:12:     layout_cave_pods, orc_0_dummy
D:13:     layout_loops_cross, skrybe_vaults_entry_preservation, serial_shops,
          shop_statue, shop_scrolls, minmay_misc_feat_chi, uniq_snorg,
          uniq_erolcha
Orc:1:    layout_caves, serial_shops, nicolae_shop_stone
Orc:2:    st_orc_rangers, layout_caves, lemuel_statue_altar

Skill      XL: |  1  2  3  4  5  6  7  8  9 10 11 12 13 |
---------------+----------------------------------------+-----
Fighting       | 4 5 6 7 9 10 11 12 | 12.7
Armour         | 4 5 6 7 9 10 11 12 | 12.8
Maces & Flails | 3 4 5 7 8 10 | 10.6
Shields        | 4 5 6 7 9 10 11 12 | 12.8
Evocations     | 2 3 |  3.0
Dodging        | 3 5 |  5.0
Invocations    | 3 5 |  5.6
Throwing       | 3 4 |  4.0
Axes           | 3 6 7 |  7.0

Action                   |  1- 3 |  4- 6 |  7- 9 | 10-12 | 13-15 || total
-------------------------+-------+-------+-------+-------+-------++-------
Melee: Flail             |    41 |   198 |   134 |       |       ||   373
       Headbutt          |     7 |    29 |    76 |   155 |    30 ||   297
       Unarmed           |       |       |     7 |       |       ||     7
       Whip              |       |       |   284 |   281 |       ||   565
       War axe           |       |       |       |   273 |    90 ||   363
Throw: Boomerang         |       |       |     2 |       |       ||     2
       Dart              |       |       |       |    29 |     8 ||    37
Invok: Ancestor Identity |       |       |     1 |       |       ||     1
       Ancestor Life: He |       |       |     1 |       |       ||     1
       Recall Ancestor   |       |       |       |     3 |     1 ||     4
       Idealise          |       |       |       |       |     1 ||     1
       Transference      |       |       |       |       |     1 ||     1
Evoke: Wand              |       |       |       |     3 |       ||     3
  Use: Potion            |       |       |     3 |     1 |       ||     4
       Scroll            |       |       |    13 |    14 |       ||    27
 Stab: Confused          |       |       |     2 |     4 |     1 ||     7
       Distracted        |       |       |     1 |    10 |     1 ||    12
       Invisible         |       |       |       |       |     1 ||     1
  Eat: Chunk             |       |     8 |    17 |    17 |     4 ||    46
       Ration            |       |       |       |     2 |       ||     2
Armor: Scale mail        |    16 |    87 |   102 |       |       ||   205
       Skin              |       |       |     3 |       |       ||     3
       Acid dragon scale |       |       |       |    68 |    23 ||    91
Dodge: Dodged            |    10 |    78 |   107 |    89 |    43 ||   327
       Repelled          |       |       |     1 |     1 |       ||     2
Block: Kite shield       |    14 |   123 |   125 |       |       ||   262
       Tower shield      |       |       |   124 |   689 |   211 ||  1024
